 Dungeon Crawl Stone Soup version 0.18.1-48-g4cf74bf (webtiles) character file.

6823 nikopol the Blocker (level 10, -2/132 HPs)
             Began as a Minotaur Berserker on Aug 18, 2016.
             Was a High Priest of Trog.
             Slain by a black mamba (5 damage)
             ... on level 1 of the Lair of Beasts.
             The game lasted 00:21:19 (7186 turns).

nikopol the Blocker (Minotaur Berserker)            Turns: 7186, Time: 00:21:20

Health: -2/132     AC: 12    Str: 30    XL:     10   Next: 77%
Magic:  0/9        EV: 14    Int:  4    God:    Trog [*****.]
Gold:   459        SH:  6    Dex: 13    Spells: 0 memorised, 9 levels left

rFire  + . .     SeeInvis .     K - +7 trident "Luziotah" {pierce, rF+ rC+ Str+3}
rCold  + + .     Gourm    .     Q - +1 ring mail {rC+}
rNeg   . . .     Faith    .     h - +0 buckler
rPois  .         Spirit   +     (helmet restricted)
rElec  .         Dismiss  .     B - +1 cloak
rCorr  .         Reflect  .     r - +0 pair of gloves
SustAt +         Harm     .     G - +0 pair of boots
MR     .....                    y - amulet of guardian spirit
Stlth  ..........               (no ring)
                                M - ring of sustain attributes

@: berserking, lethally poisoned (-2 -> -50), very quick, not resistant to
hostile enchantments, extremely unstealthy
A: retaliatory headbutt, horns 2
a: Berserk, Trog's Hand, Brothers in Arms, Burn Spellbooks, Renounce Religion


You were on level 1 of the Lair of Beasts.
You worshipped Trog.
Trog was extremely pleased with you.
You were not hungry.

You visited 2 branches of the dungeon, and saw 10 of its levels.
You also visited: Sewer.

You collected 459 gold pieces.

Inventory:

Hand Weapons
 a - a +1 hand axe
 K - the +7 trident "Luziotah" (weapon) {pierce, rF+ rC+ Str+3}
   (You found it on level 6 of the Dungeon)

   It inflicts extra damage upon your enemies.
   It affects your strength (+3).
   It protects you from fire.
   It protects you from cold.
Missiles
 t - 10 tomahawks
 C - 6 javelins of penetration (quivered)
Armour
 b - a +0 animal skin
 h - a +0 buckler (worn)
 k - a +0 leather armour
 r - a +0 pair of gloves (worn)
 x - a +0 chain mail
 B - a +1 cloak (worn)
 G - a +0 pair of boots (worn)
 H - the +0 leather armour of the Heron {rElec rC+ rN+ Dex-4}
   (You found it on level 5 of the Dungeon)

   It affects your dexterity (-4).
   It protects you from cold.
   It insulates you from electricity.
   It protects you from negative energy.
 Q - a +1 ring mail of cold resistance (worn)
Jewellery
 y - an amulet of guardian spirit (around neck)
 M - a ring of sustain attributes (left hand)
 Y - an uncursed amulet of magic regeneration {unknown}
Wands
 m - a wand of acid (8/15)
 D - a wand of disintegration (15/24)
 O - a wand of hasting (6/9)
 R - a wand of confusion (33/48)
 U - a wand of acid (9/15)
Scrolls
 o - 2 scrolls of amnesia {unknown}
 q - a scroll of enchant armour {unknown}
 v - a scroll of magic mapping
 A - a scroll of fog {unknown}
 F - a scroll of blinking {unknown}
 I - 2 scrolls of teleportation {unknown}
 J - 2 scrolls of recharging {unknown}
 N - 2 scrolls of noise {unknown}
 P - a scroll of acquirement {unknown}
 T - 2 scrolls of remove curse
 V - a scroll of brand weapon {unknown}
 W - 5 scrolls of identify
Potions
 e - 3 potions of lignification
 f - 4 potions of heal wounds
 g - 3 potions of brilliance
 i - a potion of agility
 j - 2 potions of cancellation {unknown}
 l - 10 potions of curing
 n - 2 potions of flight {unknown}
 s - 4 potions of might
 u - a potion of degeneration {unknown}
 w - 2 potions of magic
 L - 2 potions of resistance
 S - 2 potions of invisibility
Comestibles
 c - 8 bread rations
 d - 2 beef jerkies
 p - 4 fruits
 z - 2 slices of pizza
 E - a meat ration
 X - 6 chunks of flesh


   Skills:
 + Level 8.2 Fighting
 - Level 7.2(8.7) Axes
 * Level 7.4(8.8) Polearms
 + Level 5.5 Throwing
 + Level 7.2 Armour
 + Level 6.6 Dodging
 * Level 10.1 Shields


You had 9 spell levels left.
You didn't know any spells.

Dungeon Overview and Level Annotations

Branches:
Dungeon (9/15)             Temple (0/1) D:7            Lair (1/8) D:9
    Orc: D:9-12

Altars:
Ashenzari
Cheibriados
Elyvilon
Gozag
Nemelex Xobeh
Qazlal
Ru
Sif Muna
Trog

Shops:
D:5 %}   D:8 =   D:9 *


Innate Abilities, Weirdness & Mutations

You reflexively headbutt those who attack you in melee.
You have a pair of horns on your head.


Message History

The black mamba is moderately wounded.
You feel sick. The black mamba bites you.
* * * LOW HITPOINT WARNING * * *
You impale the water moccasin!!
You kill the water moccasin!
Trog accepts your kill.
You feel sick. The black mamba bites you!
* * * LOW HITPOINT WARNING * * *
You are more poisoned.
The black mamba poisons you! The black mamba bites you!
* * * LOW HITPOINT WARNING * * *
You are more poisoned.
The black mamba poisons you! The black mamba misses you.
You are too berserk!
You closely miss the black mamba.
The black mamba is moderately wounded.
* * * LOW HITPOINT WARNING * * *
You feel very sick. The black mamba barely misses you.
The black mamba bites you.
You die...

#..###P....
#......... ....
#........#####...##
#................P#
#................#
#................##
#.....÷<....[.....#
#...........SS....##
#...........@†.(....
#.#######.#####.....
# ### ... .


You could see 2 black mambas.

Vanquished Creatures
  A hydra (Lair:1)
  Erica (D:8)
  A komodo dragon (D:9)
  Eustachio (D:6)
  Sigmund (D:2)
  A wyvern (D:8)
  Grum (D:8)
  5 yaks (D:9)
  Edmund (D:4)
  A water moccasin (Lair:1)
  Duvessa (D:4)
  2 phantoms
  3 ice beasts
  An orc warrior (D:8)
  A sky beast (D:8)
  A black bear (D:8)
  The ghost of wutend the Skirmisher, an amateur OpFi (D:4)
  3 centaurs
  3 wolves (D:8)
  A big kobold (Sewer)
  5 giant frogs
  A gnoll sergeant (D:7)
  Dowan (D:4)
  11 killer bees
  4 wights (D:8)
  3 crimson imps
  2 giant frog zombies
  3 jellies
  2 quasits
  A wasp zombie (D:7)
  A centaur skeleton (D:7)
  6 orc wizards
  3 hounds
  Crazy Yiuf (D:3)
  3 worker ants
  3 iguanas
  4 sheep (Lair:1)
  2 hound zombies
  10 gnolls
  A worker ant zombie (D:5)
  6 adders
  A river rat (D:4)
  3 shadow imps (D:8)
  3 oozes
  An adder zombie (D:8)
  A worm (D:4)
  2 dart slugs (D:5)
  5 giant geckos
  13 orcs
  4 ball pythons
  6 giant cockroaches
  3 goblins
  4 hobgoblins
  12 jackals
  2 quokkas
  6 bats
  A giant gecko skeleton (D:5)
  7 giant newts
  A jackal zombie (D:6)
  18 kobolds
  A quokka skeleton (D:7)
  9 rats
207 creatures vanquished.

Vanquished Creatures (others)
  A plant (D:9)
1 creature vanquished.

Grand Total: 208 creatures vanquished

Notes
Turn   | Place    | Note
--------------------------------------------------------------
     0 | D:1      | nikopol the Minotaur Berserker began the quest for the Orb.
     0 | D:1      | Reached XP level 1. HP: 19/19 MP: 0/0
   349 | D:1      | Reached XP level 2. HP: 25/27 MP: 1/1
   594 | D:2      | Noticed Sigmund
   603 | D:2      | Killed Sigmund
   603 | D:2      | Reached skill level 1 in Throwing
   603 | D:2      | Reached skill level 2 in Shields
   603 | D:2      | Reached XP level 3. HP: 33/33 MP: 2/2
   603 | D:2      | Reached XP level 4. HP: 40/40 MP: 3/3
   603 | D:2      | Reached XP level 5. HP: 46/46 MP: 4/4
   887 | D:2      | Found a shattered altar of Ashenzari.
   888 | D:2      | Found a sacrificial altar of Ru.
   991 | D:2      | Found a deep blue altar of Sif Muna.
  1156 | D:3      | Found an opulent altar of Gozag.
  1328 | D:3      | Noticed a phantom
  1378 | D:3      | Killed a phantom
  1378 | D:3      | Reached skill level 5 in Axes
  1378 | D:3      | Reached skill level 3 in Shields
  1378 | D:3      | Reached XP level 6. HP: 25/53 MP: 5/5
  1643 | D:3      | Reached ** piety under Trog
  2013 | D:4      | Found a white marble altar of Elyvilon.
  2036 | D:4      | Reached skill level 5 in Fighting
  2083 | D:4      | Found a glowing drain.
  2116 | Sewer    | Entered a sewer
  2274 | Sewer    | Reached skill level 4 in Shields
  2351 | Sewer    | Reached *** piety under Trog
  2351 | Sewer    | Reached XP level 7. HP: 60/61 MP: 6/6
  2685 | D:4      | Noticed Duvessa
  2697 | D:4      | Killed Duvessa
  2700 | D:4      | Noticed Dowan
  2703 | D:4      | Killed Dowan
  2717 | D:4      | Noticed wutend's ghost (amateur OpFi)
  2732 | D:4      | Killed wutend's ghost
  2732 | D:4      | Reached skill level 5 in Shields
  3009 | D:4      | Noticed Edmund
  3020 | D:4      | Killed Edmund
  3042 | D:4      | Noticed Crazy Yiuf
  3075 | D:3      | Killed Crazy Yiuf
  3354 | D:5      | Entered Level 5 of the Dungeon
  3366 | D:5      | Reached XP level 8. HP: 56/70 MP: 7/7
  3403 | D:5      | Found a snail-covered altar of Cheibriados.
  3586 | D:5      | Found Niaffaim's Gadget Boutique.
  3634 | D:5      | Found Taruma's Food Shoppe.
  3695 | D:5      | Got a dazzling leather armour
  3706 | D:5      | Identified the +0 leather armour of the Heron {rElec rC+ rN+ Dex-4} (You found it on level 5 of the Dungeon)
  3779 | D:5      | Reached skill level 6 in Shields
  4016 | D:6      | Got an ichor-stained trident
  4017 | D:6      | Identified the +7 trident "Luziotah" {pierce, rF+ rC+ Str+3} (You found it on level 6 of the Dungeon)
  4069 | D:6      | Noticed Eustachio
  4076 | D:6      | Killed Eustachio
  4076 | D:6      | Reached skill level 1 in Polearms
  4097 | D:6      | Reached **** piety under Trog
  4107 | D:6      | Reached skill level 5 in Armour
  4192 | D:6      | Found a stormy altar of Qazlal.
  4523 | D:7      | Reached skill level 7 in Shields
  4535 | D:7      | Reached XP level 9. HP: 66/78 MP: 5/8
  4738 | D:7      | Found a staircase to the Ecumenical Temple.
  5140 | D:8      | Found Cygamn's Jewellery Emporium.
  5140 | D:8      | Noticed Erica
  5155 | D:8      | Killed Erica
  5155 | D:8      | Reached skill level 5 in Dodging
  5155 | D:8      | Reached skill level 8 in Shields
  5174 | D:8      | Reached skill level 5 in Polearms
  5311 | D:8      | Noticed Grum
  5329 | D:8      | Killed Grum
  5563 | D:8      | Reached XP level 10. HP: 86/86 MP: 9/9
  5634 | D:8      | Found a bloodstained altar of Trog.
  5642 | D:8      | Reached skill level 9 in Shields
  5748 | D:8      | Reached ***** piety under Trog
  5942 | D:9      | Found a sparkling altar of Nemelex Xobeh.
  6065 | D:9      | Found Vousuaro's General Store.
  6160 | D:9      | Found a staircase to the Lair.
  6200 | D:9      | Received a gift from Trog
  6660 | D:9      | Reached skill level 5 in Throwing
  7155 | Lair:1   | Entered Level 1 of the Lair of Beasts
  7172 | Lair:1   | Noticed a four-headed hydra
  7175 | Lair:1   | Noticed a black mamba
  7178 | Lair:1   | Noticed a black mamba
  7181 | Lair:1   | Killed a four-headed hydra
  7181 | Lair:1   | Reached skill level 10 in Shields
  7185 | Lair:1   | HP: 6/132 [black mamba (8)]
  7186 | Lair:1   | Slain by a black mamba

Skill      XL: |  1  2  3  4  5  6  7  8  9 10 |
---------------+-------------------------------+-----
Fighting       | 4 5 6 7 8 |  8.2
Axes           | 4 5 6 7 |  7.2
Throwing       | 1 2 3 4 5 |  5.5
Armour         | 3 4 5 6 7 |  7.2
Dodging        | 3 4 5 6 |  6.6
Shields        | 2 3 4 5 7 8 10 | 10.1
Polearms       | 2 5 7 |  7.4

Action                   |  1- 3 |  4- 6 |  7- 9 | 10-12 || total
-------------------------+-------+-------+-------+-------++-------
Melee: Hand axe          |    23 |   121 |   125 |       ||   269
       Headbutt          |     3 |    26 |    48 |    22 ||    99
       Trident           |       |       |   147 |   118 ||   265
Throw: Javelin           |       |       |     8 |       ||     8
       Tomahawk          |       |       |     3 |       ||     3
Invok: Berserk           |     1 |     2 |     6 |     1 ||    10
  Use: Scroll            |       |     5 |     6 |       ||    11
  Eat: Chunk             |       |     8 |    16 |     4 ||    28
       Beef jerky        |       |       |       |     1 ||     1
Armor: Leather armour    |     1 |    12 |       |       ||    13
       Animal skin       |     1 |       |       |       ||     1
       Chain mail        |       |    29 |   138 |       ||   167
       Ring mail         |       |       |     3 |    12 ||    15
Dodge: Dodged            |    21 |    58 |   115 |    55 ||   249
Block: Buckler           |     1 |    39 |    67 |    23 ||   130
